 Dungeon Crawl Stone Soup version 0.15-a0-53-g5e01d95 (webtiles) character file.

342 terranigma the Poker (level 6, 0/41 HPs)
             Began as a Halfling Wanderer on Apr 4, 2014.
             Slain by a green rat (5 damage)
             ... on Level 3 of the Dungeon.
             The game lasted 00:07:13 (3850 turns).

terranigma the Poker (Halfling Wanderer)            Turns: 3850, Time: 00:07:13

HP   0/41        AC  3     Str 10      XL: 6   Next:  7%
MP   6/6         EV 11     Int 12      God:
Gold 141         SH 12     Dex 17      Spells:  0 memorised,  5 levels left

rFire  . . .     SeeInvis .     a - +1,+3 spear
rCold  . . .     Clarity  .     n - +0 leather armour
rNeg   . . .     Conserve .     k - +0 buckler
rPois  .         rCorr    .     (no helmet)
rElec  .         rRot     .     (no cloak)
SustAb + .       Spirit   .     (no gloves)
rMut   .         Warding  .     (no boots)
Saprov . . .     Stasis   .     (no amulet)
MR     .....                    (no ring)
                                u - ring of sustain abilities

@: not resistant to hostile enchantments, fairly stealthy
A: mutation resistance 1, slow metabolism 1
a: no special abilities


You were on level 3 of the Dungeon.
You were very hungry.

You visited 1 branch of the dungeon, and saw 4 of its levels.

You collected 141 gold pieces.

Inventory:

Hand weapons
 a - a +1,+3 spear (weapon)
 d - a +0,+0 dagger
 l - a +3,+1 anti-magic short sword
Missiles
 i - 3 poisoned darts (quivered)
 m - 17 poisoned needles
Armour
 b - a +0 robe
 c - a +0 robe
 k - a +0 buckler (worn)
 n - a +0 leather armour (worn)
Magical devices
 j - a wand of flame (23)
Comestibles
 f - 3 bread rations
 o - a choko
 t - an apple
Scrolls
 p - a scroll of recharging
 v - 2 scrolls of remove curse
Jewellery
 u - a ring of sustain abilities (left hand)
Potions
 e - a potion of restore abilities {unknown}
 g - a potion of haste {unknown}
 r - a potion of poison {unknown}
 s - a potion of invisibility {unknown}
 w - 2 potions of heal wounds {unknown}


   Skills:
 - Level 2.6 Fighting
 - Level 1.3 Short Blades
 * Level 3.7 Polearms
 - Level 1.3 Throwing
 - Level 1.2 Dodging
 - Level 2.6 Stealth
 + Level 3.0 Shields


You had 5 spell levels left.
You didn't know any spells.

Dungeon Overview and Level Annotations

Branches:
Dungeon (4/15)
 Temple: D:4-7

Altars:


Innate Abilities, Weirdness & Mutations

You are small and have problems with some larger weapons.
You are somewhat resistant to further mutation.
You have a slow metabolism.


Message History

The green rat is almost dead.
The green rat bites you!
* * * LOW HITPOINT WARNING * * *
You barely miss the green rat.
The green rat is almost dead.
You block the green rat's attack.
There is an open door here.
The rat twitches its whiskers.
There is an open door here.
You open the door.
The green rat bites you but does no damage.
There is an open door here.
The green rat twitches its whiskers.
The green rat bites you.
* * * LOW HITPOINT WARNING * * *
There is an open door here.
You hit the green rat.
The green rat is almost dead.
The green rat bites you.
You die...

#.# #..# # #.## ##.## # #..# #..#
######### ##'####### ######.##
#........ .........# ####.......#
#........
.........###..........###........
........('...##.........#........
.........######.......#.#........
...(.....# ##@######..........
.......(.# #r### ###.....%..
'######### #.r.# ######.## .####
#######r### #..# ....####
###...r.....# #<## ###....#
#.'.........# ####'###
######'###.#.).......#####.......
.........#.#.........##..'.......
......r..r.#.........'..##.......


You could see 2 green rats and a rat.

Vanquished Creatures
  Natasha (D:3)
  2 green rats
  5 adders
  3 gnolls (D:2)
  2 worms (D:2)
  An orc (D:3)
  2 ball pythons
  12 bats
  2 giant cockroaches
  9 hobgoblins
  5 jackals
  12 kobolds
  3 giant newts
  7 goblins
  An orc zombie (D:3)
  9 rats
76 creatures vanquished.

Notes
Turn   | Place    | Note
--------------------------------------------------------------
     0 | D:1      | terranigma, the Halfling Wanderer, began the quest for the Orb.
     0 | D:1      | Reached XP level 1. HP: 15/15 MP: 1/1
   203 | D:1      | Reached XP level 2. HP: 20/20 MP: 2/2
   527 | D:1      | Reached XP level 3. HP: 16/25 MP: 3/3
  1330 | D:2      | Reached skill level 1 in Shields
  1339 | D:2      | Reached XP level 4. HP: 30/30 MP: 4/4
  1595 | D:2      | Reached skill level 3 in Polearms
  2172 | D:2      | Reached XP level 5. HP: 22/35 MP: 5/5
  2977 | D:3      | You fall through a shaft!
  3416 | D:3      | Noticed Natasha
  3420 | D:3      | Killed Natasha
  3661 | D:3      | Reached XP level 6. HP: 37/41 MP: 6/6
  3850 | D:3      | Slain by a green rat

Action                   |  1- 3 |  4- 6 || total
-------------------------+-------+-------++-------
Melee: Spear             |    71 |   185 ||   256
Throw: Dart              |     4 |       ||     4
Evoke: Wand              |       |     3 ||     3
  Use: Scroll            |       |     8 ||     8
       Potion            |       |     2 ||     2
 Stab: Sleeping          |       |     7 ||     7
